[Event "5th Sharjah Masters 2022"]
[Site "Sharjah"]
[Date "2022.05.24"]
[Round "4.13"]
[White "Ter-Sahakyan, Samvel"]
[Black "Yuffa, Daniil"]
[Result "0-1"]
[ECO "B31"]
[WhiteElo "2640"]
[BlackElo "2597"]
[Annotator "TA"]
[PlyCount "132"]
[EventDate "2022.05.21"]
[EventType "swiss"]
[EventCountry "UAE"]
[SourceTitle "playchess.com"]
[Source "ChessBase"]
[SourceQuality "1"]
[TimeControl "5400+30"]

1. e4 c5 2. Nf3 Nc6 3. Bb5 g6 4. O-O Bg7 5. c3 e5 6. d4 cxd4 7. cxd4 exd4 8. Bf4 a6 9. Ba4 {[%emt 0:01:06] B31: Sicilian: 2...Nc6 3 Bb5 g6.} Nge7 {[%emt 0:00:16] [#]} 10. e5 $146 {[%emt 0:05:48][%mdl 1024] White has compensation.} ({Predecessor:} 10. Bd6 b5 11. Bb3 Bb7 12. Re1 Nc8 13. e5 Nxd6 14. exd6+ Kf8 15. Nbd2 f5 16. Bd5 Na5 17. Bxb7 Nxb7 {1-0 (32) So,W (2778)-Fedoseev,V (2704) Chess.com INT 2022}) 10... O-O 11. Nbd2 {[%emt 0:00:26] The position is equal.} b5 12. Bc2 Bb7 13. Re1 Nd5 14. Bg3 d6 15. exd6 Ncb4 16. Ne4 Nxc2 17. Qxc2 Rc8 18. Qd2 Re8 {[%emt 0:06:14] Prevents Be5.} 19. Nxd4 Nb6 20. Ng5 Nc4 21. Qf4 Qd7 22. Rac1 (22. Nb3 $1 $11) 22... Rxe1+ $17 23. Rxe1 {[%emt 0:00:03] [#] And now Re7 would win.} Nxd6 $1 24. h3 (24. Qxd6 Qxd6) 24... Nc4 25. b3 Bxd4 26. bxc4 Rxc4 {[%emt 0:00:24] Hoping for ...Bc3.} 27. Ne4 (27. Kh2 $17) 27... Qd5 $1 $40 {[%emt 0:01:53][%mdl 128] aiming for ...f5. White is in trouble.} 28. Qd6 {[%emt 0:00:57] [#] Nf6+ is the strong threat.} Rc1 $3 29. Rxc1 {[%emt 0:00:52][%cal Oc1c8] Intending Rc8+! and mate.} Qxe4 {[%emt 0:00:03][%csl Gb7][%cal Re4g2] Really sharp!} 30. Kf1 Qxg2+ 31. Ke1 {[%emt 0:00:08] White wants to mate with Qd8+.} Qe4+ 32. Kd2 h6 33. Rc7 {[%emt 0:00:32] [#] Threatens to win with Re7.} b4 $1 ({Of course not} 33... Bd5 $6 34. Rd7 Bc3+ 35. Kxc3 $11) 34. h4 a5 {[%emt 0:00:46] Black is much more active.} 35. Qd7 $2 {[%emt 0:00:43][%mdl 8192] [#]} (35. h5 $17) 35... Bd5 $1 {[%emt 0:00:29] This bishop pair is nice.} ({Don't blunder} 35... Bc3+ $2 36. Rxc3 bxc3+ 37. Kxc3 $19) 36. Qd8+ (36. Rc8+ $142 Kh7 37. Qb5) 36... Kg7 (36... Kh7 $142 {( -> ...Bc3+)} 37. Qd7 Qf3) 37. Bd6 $2 (37. Qd6) 37... Kh7 38. Rc8 Bc3+ 39. Rxc3 bxc3+ 40. Kxc3 {[%emt 0:00:04] KQB-KQB} Qc4+ 41. Kd2 Qxa2+ $2 (41... Qd4+ {mates} 42. Ke2 Bc4+ 43. Ke1 Qc3+ 44. Kd1 Bd5 45. Qh8+ Kxh8 46. Be5+ Qxe5 47. Kd2 Bc4 48. Kc2 Qe2+ 49. Kc3 Qd3+ 50. Kb2 Qd2+ 51. Kb1 Bd3+ 52. Ka1 Qc3#) 42. Ke3 Qb3+ 43. Kd2 Qb2+ 44. Kd3 Qxf2 45. Qxa5 Be6 46. Qd8 Bf5+ 47. Kc4 Be6+ 48. Kd3 Bf5+ 49. Kc4 Qc2+ 50. Kd4 Qd3+ 51. Kc5 Qc3+ 52. Kb6 Qd4+ 53. Ka5 Be6 54. Qe7 $2 (54. Be7 {was forced.} Bd7 55. Qc7) 54... g5 55. hxg5 (55. Bc5 {was necessary.} Qc3+ 56. Kb6) 55... hxg5 56. Bc5 Qd5 57. Kb6 Kg6 {[%emt 0:00:05] Against Qf6+. White must now prevent ...f5.} ({Worse is} 57... Bd7 58. Qf6 $15) 58. Qe8 (58. Qd6 $142 Qf5 59. Be3) 58... Bd7 59. Qe3 (59. Qg8+ Kf5 60. Qh7+ Kg4 61. Qc2) 59... Qc6+ 60. Ka7 Be6 61. Qd4 Bd5 62. Qb4 {[%emt 0:00:12] Against Qb7+} f5 63. Kb8 f4 64. Be7 Kf5 {[%emt 0:01:33] Black mates.} 65. Bd8 {[%emt 0:00:26] [#]} Qb7+ $1 66. Qxb7 Bxb7 {[%emt 0:00:03] Weighted Error Value: White=0.67/Black=0.35} 0-1

[Event "5th Sharjah Masters 2022"]
[Site "Sharjah"]
[Date "2022.05.24"]
[Round "4.14"]
[White "Aziz, Husain"]
[Black "Petrosyan, Manuel"]
[Result "0-1"]
[ECO "D38"]
[WhiteElo "2379"]
[BlackElo "2638"]
[Annotator "TA"]
[PlyCount "110"]
[EventDate "2022.05.21"]
[EventType "swiss"]
[EventCountry "UAE"]
[SourceTitle "playchess.com"]
[Source "ChessBase"]
[SourceQuality "1"]
[TimeControl "5400+30"]

1. d4 Nf6 2. c4 e6 3. Nf3 d5 4. Nc3 Bb4 5. Qb3 c5 6. dxc5 Nc6 {[%emt 0:00:39] D38: Queen's Gambit Declined: Ragozin Defence (4 Nf3 Bb4).} 7. Bg5 Qa5 8. Bxf6 dxc4 {[%emt 0:00:16] [#] The position is equal.} 9. Qxc4 gxf6 10. Rc1 Qxc5 11. Qh4 Ke7 12. g3 Bxc3+ 13. Rxc3 Qb4 14. Qxb4+ Nxb4 15. a3 Nd5 16. Rc1 Bd7 17. Bg2 Rac8 18. O-O Rxc1 19. Rxc1 Rc8 20. Rxc8 Bxc8 $11 {[%emt 0:00:04][%mdl 4096] Endgame KBN-KBN} 21. Nd2 Nb6 22. b3 {[%emt 0:17:02] [#]} Na8 $146 ({Predecessor:} 22... f5 23. Kf1 Nd7 24. e4 fxe4 25. Bxe4 h6 26. Ke2 b6 27. f4 e5 28. Ke3 exf4+ 29. Kxf4 {½-½ (69) Moranda,W (2618)-Donchenko,A (2659) Tornelo INT 2021}) 23. f4 Nc7 24. Kf2 Nb5 25. a4 Nd6 26. a5 b6 27. axb6 axb6 28. Bf3 e5 29. e3 Bf5 30. Bd5 Be6 31. Bc6 e4 32. b4 f5 33. Nb1 Bd7 34. Bd5 Be6 35. Bc6 Bd7 36. Bd5 Be6 37. Nc3 Kd7 38. Ba8 Nc4 39. Nd5 (39. g4 $5) 39... h6 40. Ke2 b5 41. Nf6+ Ke7 42. Nd5+ Kd6 43. Nc3 Nb6 44. Bb7 $1 ({Not} 44. Nxb5+ $2 Kd7 45. Bxe4 fxe4 $19) 44... Bc4+ 45. Kf2 Kc7 46. Ba6 Kc6 47. h3 h5 48. Ne2 $2 (48. Ke1 $11) 48... Bxe2 $19 {[%emt 0:00:24] Black is clearly winning.} 49. Kxe2 {[%emt 0:01:00] KB-KN} Nd5 50. g4 hxg4 51. hxg4 fxg4 {[%emt 0:00:13][%cal Bf5g4,Bg4g3][%mdl 32] Hoping for ...g3.} 52. Bc8 Nf6 53. Kd2 Kd5 54. Kc3 g3 {[%emt 0:00:06] ( -> ...g2)} 55. Bh3 {[%emt 0:00:04] [#]} Ng4 $1 {[%emt 0:00:21][%mdl 512] Weighted Error Value: White=0.51/Black=0.04 (flawless)} 0-1

[Event "5th Sharjah Masters 2022"]
[Site "Sharjah"]
[Date "2022.05.24"]
[Round "4.15"]
[White "Abasov, Nijat"]
[Black "Azarov, Sergei"]
[Result "1/2-1/2"]
[ECO "A28"]
[WhiteElo "2635"]
[BlackElo "2588"]
[Annotator "TA"]
[PlyCount "41"]
[EventDate "2022.05.21"]
[EventType "swiss"]
[EventCountry "UAE"]
[SourceTitle "playchess.com"]
[Source "ChessBase"]
[SourceQuality "1"]
[TimeControl "5400+30"]

1. c4 e5 2. Nc3 Nf6 3. Nf3 Nc6 4. e4 Bb4 5. d3 d6 6. a3 {[%emt 0:00:11] A28: English Opening: Four Knights Variation.} Bc5 {[%emt 0:00:29] Hoping for ...Ng4.} 7. b4 Bb6 8. Be3 Bg4 9. Be2 Bxf3 10. Bxf3 Nd4 11. Na4 {[%emt 0:00:54] [#]} Qd7 $146 ({Predecessor:} 11... Nxf3+ 12. Qxf3 Bxe3 13. Qxe3 O-O 14. O-O c6 15. d4 exd4 16. Qxd4 Re8 17. f3 Re6 {0-1 (46) Abdusattorov,N (2661)-Giri,A (2761) Chess.com INT 2022}) 12. Nxb6 Nxf3+ 13. Qxf3 axb6 14. Bg5 Qg4 15. Bxf6 Qxf3 {[%emt 0:00:08] The position is equal.} 16. gxf3 gxf6 $14 {[%emt 0:00:03] KRR-KRR} 17. Rg1 Ke7 18. Kd2 Ke6 19. a4 Rhg8 20. Rg3 h5 21. h4 {[%emt 0:18:08] An interesting draw.  Weighted Error Value: White=0.06 (flawless) /Black=0.04 (flawless)} 1/2-1/2

[Event "5th Sharjah Masters 2022"]
[Site "Sharjah"]
[Date "2022.05.24"]
[Round "4.16"]
[White "Chigaev, Maksim"]
[Black "Haznedaroglu, Kivanc"]
[Result "1-0"]
[ECO "E09"]
[WhiteElo "2631"]
[BlackElo "2425"]
[Annotator "TA"]
[PlyCount "129"]
[EventDate "2022.05.21"]
[EventType "swiss"]
[EventCountry "UAE"]
[SourceTitle "playchess.com"]
[Source "ChessBase"]
[SourceQuality "1"]
[TimeControl "5400+30"]

1. Nf3 Nf6 2. c4 e6 3. g3 b6 4. Bg2 Bb7 5. d4 c6 6. O-O d5 7. Qc2 Be7 8. Nbd2 Nbd7 9. e4 dxe4 10. Nxe4 Nxe4 11. Qxe4 Nf6 12. Qc2 O-O 13. Rd1 Qc8 14. c5 {[%emt 0:09:44] E09: Closed Catalan: Main Line: 7 Qc2 c6 8 Nbd2.} Rd8 15. Bd2 (15. Be3 {is interesting.} h6 16. Ne5 Nd5 17. Be4) 15... bxc5 16. dxc5 {[%emt 0:00:26] White is slightly better.} Rd5 17. b4 a5 $1 18. a3 axb4 19. axb4 {[%emt 0:00:24] [#]} Rxa1 $146 ({Predecessor:} 19... Ba6 20. Ng5 Bd3 21. Qc3 Rd8 22. Rxa8 Qxa8 23. Ra1 Qb7 24. Qa3 Bb5 25. Nf3 Ne4 26. Be3 Bf6 {0-1 (48) Suominen,A (2025)-Auvinen,E (2032) Helsinki 2009}) 20. Rxa1 Ba6 21. Qa4 Be2 {[%emt 0:07:15] aiming for ...Bxf3.} 22. Bf4 Bb5 23. Qa7 {[%emt 0:02:48] Threatens to win with Ne5.} Rd7 24. Qb8 Qxb8 25. Bxb8 h6 26. Ne5 (26. Be5 $14) 26... Rd4 $1 $11 27. Bxc6 Rxb4 28. Ba7 Ne4 (28... Nd5 $11) 29. Rc1 (29. Bxb5 $1 $16 Rxb5 30. Ra6) 29... Ba6 30. Be8 (30. Bb6 $5 ) 30... Bf6 31. Bxf7+ (31. f4 $1 $11 Bxe5 32. fxe5) 31... Kf8 $15 32. Nc6 Rb2 (32... Ra4 $5 33. Bxe6 Nc3 34. Rxc3 Bxc3 $17) 33. Bxe6 {[%emt 0:00:11] Black must now prevent Nb8.} Nxf2 (33... Nc3 $5 34. Nb8 Ne2+ 35. Kg2 Bb7+ 36. c6 Nxc1 37. cxb7 Rxb7 $15) 34. Bb8 {[%emt 0:01:04] Bd6+ is the strong threat.} Bb7 (34... Nd3 $11 {was preferrable.} 35. Bd6+ Ke8) 35. Bd6+ (35. Ne5 $5 Ke7 36. Bf5 $16) 35... Ke8 36. Bd5 Nh3+ 37. Kf1 Rf2+ 38. Ke1 Rxh2 39. Rb1 Bc3+ 40. Kd1 Nf2+ (40... Bb2 $11 {keeps the balance.}) 41. Kc2 {[%emt 0:00:01] White is much more active.} Ne4+ 42. Kd3 Nxd6 43. Kxc3 Rh5 44. cxd6 (44. Re1+ $1 $14 Kf8 45. Ne7 $1 (45. cxd6 Rxd5 46. Nd4 Ba6 $15) 45... Nb5+ 46. Kb4 Bxd5 47. Nxd5 (47. Kxb5 Rh1 $16)) 44... Rxd5 $11 45. Rxb7 Rxd6 $14 {[%emt 0:00:05][%mdl 12288] Endgame KRN-KR. White leaves nothing to chance now.} (45... Rc5+ $1 $11 46. Kd4 Rxc6) 46. Nd4 $18 Rg6 47. Ne2 Kf8 48. Kd4 Kg8 49. Ke4 Re6+ 50. Kf3 {[%emt 0:00:05] Strongly threatening Nf4.} Rf6+ (50... h5 51. Nf4 Re5) 51. Kg4 Rg6+ 52. Kh3 Rg5 53. Nf4 Re5 54. Rb8+ Kf7 {[%emt 0:00:24] [#]} 55. Rf8+ $3 Kxf8 {[%emt 0:00:10] KR-KN} (55... Ke7 56. Ng6+) 56. Ng6+ Kf7 57. Nxe5+ {[%emt 0:00:03] KN-KPP} Kf6 {[%emt 0:00:06] [#] White mates.} 58. Nf3 $1 Kf5 59. Kh4 g6 60. Nd2 Ke5 61. Kg4 Kd4 62. Nf3+ Ke3 63. Nh4 h5+ {[%emt 0:00:12] [#]} 64. Kh3 $1 g5 65. Nf5+ {[%emt 0:00:03] Weighted Error Value: White=0.16 (very precise) /Black=0.31} 1-0

[Event "5th Sharjah Masters 2022"]
[Site "Sharjah"]
[Date "2022.05.24"]
[Round "4.17"]
[White "Yakubboev, Nodirbek"]
[Black "Van Foreest, Lucas"]
[Result "1/2-1/2"]
[ECO "D35"]
[WhiteElo "2630"]
[BlackElo "2572"]
[Annotator "TA"]
[PlyCount "35"]
[EventDate "2022.05.21"]
[EventType "swiss"]
[EventCountry "UAE"]
[SourceTitle "playchess.com"]
[Source "ChessBase"]
[SourceQuality "1"]
[TimeControl "5400+30"]

1. c4 e6 2. Nc3 d5 3. d4 Nf6 4. cxd5 exd5 5. Bg5 Be6 6. e3 {[%emt 0:00:00] D35: Queen's Gambit Declined: Exchange Variation.} Nbd7 {[%emt 0:00:09] 6...Bd6 is not played anymore.} 7. Bd3 c6 8. Nge2 {[%emt 0:00:00][%cal Bg1e2,Be2g3,Bg3f5][%mdl 32] White is slightly better.} h6 {[%emt 0:00:05][%cal Bh7h6,Bh6h5,Bh5h4][%mdl 32] The position is equal.} 9. Bh4 g5 {[%emt 0:00:05] Against Nf4} 10. Bg3 Nh5 $1 11. Qc2 Nxg3 12. Nxg3 h5 13. O-O-O h4 14. Nf5 Nb6 15. g4 Qc7 16. h3 O-O-O 17. Kb1 Kb8 {[%emt 0:00:14] [#]} 18. Ka1 $146 {[%emt 0:00:00] Weighted Error Value: White=0.03 (flawless) /Black=0.02 (flawless)} ({Predecessor:} 18. Rc1 Bxf5 19. Bxf5 Bd6 20. Bd3 Rhe8 21. Na4 Nxa4 22. Qxa4 Qb6 23. Rc3 Qb4 24. Qc2 {1-0 (46) Nikolov,M (2533)-Tica,S (2396) Zagreb 2019}) 1/2-1/2

[Event "5th Sharjah Masters 2022"]
[Site "Sharjah"]
[Date "2022.05.24"]
[Round "4.18"]
[White "Hovhannisyan, Robert"]
[Black "Fedoseev, Vladimir"]
[Result "1/2-1/2"]
[ECO "B12"]
[WhiteElo "2607"]
[BlackElo "2701"]
[Annotator "TA"]
[PlyCount "87"]
[EventDate "2022.05.21"]
[EventType "swiss"]
[EventCountry "UAE"]
[SourceTitle "playchess.com"]
[Source "ChessBase"]
[SourceQuality "1"]
[TimeControl "5400+30"]

1. e4 c6 2. d4 d5 3. e5 Bf5 4. Nf3 e6 5. Be2 Ne7 6. O-O Ng6 {[%emt 0:00:08] B12: Caro-Kann: Advance Variation.} 7. a4 Nd7 8. Ne1 {[%emt 0:02:19] [#] Hoping for g4.} h5 {[%emt 0:00:09] White is slightly better.} 9. Na3 h4 10. c3 {[%emt 0:03:01] [#]} c5 $146 ({Predecessor:} 10... f6 11. f4 Kf7 12. Nac2 Be4 13. Nf3 Be7 14. Nd2 Bxc2 15. Qxc2 f5 16. a5 Nb8 {½-½ (82) Hovhannisyan,R (2622)-Cori,J (2655) Riga 2021}) 11. Nac2 Ne7 12. dxc5 Nxc5 13. Nd4 a6 14. Bg5 Qb6 15. Bxe7 Bxe7 16. Nxf5 exf5 17. Nd3 Rd8 (17... Ne4 $11) 18. a5 Qe6 19. Nxc5 Bxc5 20. Qa4+ Kf8 21. Qf4 h3 22. g3 g6 23. Rad1 Kg7 ({But not} 23... f6 {[#]} 24. exf6 $1 Qe4 25. Bf3 Qxf4 26. gxf4 $16) 24. Rfe1 Rd7 25. Rd3 Re8 26. Bf1 Rh8 27. Red1 Ba7 28. Qf3 Rhd8 29. Bxh3 Qxe5 30. b4 Rc7 31. Bg2 d4 32. h4 Qe7 (32... Rdd7 {is interesting.} 33. Kh2 Qe4 34. h5 gxh5 35. Qxh5 Qg4) 33. h5 Rcd7 34. hxg6 fxg6 35. Qf4 Rf8 (35... dxc3 $11 36. Rxd7 Rxd7 37. Rxd7 Qxd7 38. Qe5+ Kh7 39. Qxc3 Qd1+ 40. Bf1 Qd5) 36. Qd2 {[%emt 0:01:33] White is more active.} ({Of course not} 36. cxd4 Qxb4 37. Qe5+ Rf6 $11) 36... f4 {[%emt 0:00:54] aiming for ...fxg3.} 37. c4 (37. cxd4 fxg3 38. fxg3 Qe5 $11) 37... fxg3 38. fxg3 Qe5 (38... Qf6 $14) 39. c5 ({White should try} 39. Re1 $16 Qh5 40. Re4) 39... Re7 $14 40. Qb2 {[%emt 0:01:18] The position is equal.} Bb8 41. Qxd4 Qxd4+ 42. Rxd4 Bxg3 {[%emt 0:00:10] ...Bf2+ is the strong threat.} 43. Rd7 Rff7 44. Rxe7 {[%emt 0:00:30] Weighted Error Value: White=0.11 (very precise) /Black=0.12 (very precise)} 1/2-1/2

[Event "5th Sharjah Masters 2022"]
[Site "Sharjah"]
[Date "2022.05.24"]
[Round "4.19"]
[White "Niemann, Hans Moke"]
[Black "Moroni, Luca Jr"]
[Result "1-0"]
[ECO "D35"]
[WhiteElo "2656"]
[BlackElo "2581"]
[Annotator "TA"]
[PlyCount "114"]
[EventDate "2022.05.21"]
[EventType "swiss"]
[EventCountry "UAE"]
[SourceTitle "playchess.com"]
[Source "ChessBase"]
[SourceQuality "1"]
[TimeControl "5400+30"]

1. d4 d5 2. c4 e6 3. Nc3 Nf6 4. cxd5 exd5 5. Bg5 c6 6. e3 h6 7. Bh4 Be7 8. Bd3 O-O 9. Nge2 $1 {[%emt 0:01:49][%mdl 4] is more profitable than 9.Qc2 at the moment. D35: Queen's Gambit Declined: Exchange Variation.} Re8 10. O-O a5 11. h3 {[%emt 0:05:06] White has an edge.} Na6 12. a3 Nc7 13. Qc2 Ne6 14. Bg3 {[%emt 0:00:34] [#]} Bd6 $146 ({Predecessor:} 14... Bf8 15. Rac1 Ng5 16. Be5 Nd7 17. Bg3 Nf6 18. Bh2 Bd7 19. Be5 Nfe4 20. Kh1 Nxc3 21. Nxc3 {½-½ (29) Eigenmann,W (2135)-Quiroga Martinez,J (2108) ICCF email 2021}) 15. Bxd6 Qxd6 16. Na4 Ng5 17. Nb6 Rb8 18. Qc5 Qd8 {[%emt 0:06:15] aiming for ...Ne6.} 19. Nxc8 {[%emt 0:05:37] Hoping for Nb6.} (19. Qxa5 $2 Nd7 20. Nc4 (20. h4 $2 Ne6 $19) 20... dxc4 21. Qxd8 Rxd8 $17) 19... Rxc8 20. b4 axb4 21. Qxb4 Rc7 22. a4 Nfe4 23. a5 Qd7 24. Nf4 Ne6 25. Nxe6 Rxe6 26. Rfc1 Qd6 27. Qb6 Qd8 (27... Nf6 $142) 28. Bxe4 dxe4 29. Rc5 Rd7 {[%emt 0:03:10] Prevents d5.} 30. Qb3 Kh7 31. Ra4 Qa8 32. Qb6 Qd8 33. Qb2 Qa8 34. Rb4 Qa6 35. Rb6 Qa8 36. Qb3 Qa7 37. Qb4 Rde7 38. h4 Qa8 39. h5 (39. g3 $142 $1) 39... Qc8 $16 40. d5 Re5 {[%emt 0:00:39] Threatens to win with ...Qg4.} 41. d6 Qg4 42. f3 $1 (42. dxe7 $6 Qd1+ 43. Kh2 Qxh5+ 44. Kg1 (44. Kg3 g5) 44... Qd1+ 45. Kh2 Qh5+ 46. Kg1 (46. Kg3 g5) 46... Qd1+ 47. Kh2 Qh5+ $11) 42... Qg3 43. dxe7 Rxc5 44. Qxe4+ {[%emt 0:03:04][%mdl 4096] Endgame KQR-KQR} (44. Qxc5 $6 Qe1+ 45. Kh2 Qh4+ 46. Kg1 Qe1+ 47. Kh2 Qh4+ 48. Kg1 Qe1+ $11) 44... f5 45. Qb1 $36 {[%emt 0:00:06][%mdl 2048] Against Rc1+. Black is under strong pressure.} Rc2 46. Qf1 $18 (46. Qxc2 Qe1+ 47. Kh2 Qh4+ 48. Kg1 Qe1+ 49. Kh2 Qh4+ 50. Kg1 Qe1+ $11) 46... Qe5 47. Rxb7 (47. Qd3 $1 $16 Rc1+ 48. Kf2 Qxe7 49. Qxf5+ Kg8 50. Qe4 (50. Qc8+ Kh7 $18) 50... Qxe4 51. fxe4) 47... Qxe3+ $11 48. Kh2 {[%emt 0:00:04] Black must now prevent a6.} Qg5 $2 {[%emt 0:04:54][%mdl 8192] Black cannot hold the game after this.} (48... Re2 $11) 49. f4 $18 {[%emt 0:01:52] Active counter play! White is clearly winning.} ({Not} 49. e8=Q Qh4+ 50. Kg1 Qd4+ 51. Kh2 (51. Kh1 Qh4+ 52. Kg1 Qd4+ 53. Kh2 Qh4+ 54. Kg1 $11) 51... Qh4+ 52. Kg1 Qd4+ 53. Kh2 (53. Kh1 Qh4+ 54. Kg1 $11) 53... Qh4+ $11) 49... Rxg2+ 50. Qxg2 Qh4+ 51. Kg1 $1 {[%emt 0:00:07] Threatening mate with Qg6+.} Qe1+ 52. Qf1 $1 Qg3+ 53. Kh1 $1 Qh4+ 54. Kg2 $1 {[%emt 0:00:07] White wants to mate with Qe2.} Qg4+ {[%emt 0:00:03] [#]} 55. Kf2 $1 Qxf4+ 56. Ke2 Qc4+ {[%emt 0:00:02] [#]} 57. Kd2 $1 Qxf1 {[%emt 0:01:02] Weighted Error Value: White=0.08 (flawless) /Black=0.12 (very precise)} 1-0

[Event "5th Sharjah Masters 2022"]
[Site "Sharjah"]
[Date "2022.05.24"]
[Round "4.20"]
[White "Moussard, Jules"]
[Black "Vokhidov, Shamsiddin"]
[Result "1-0"]
[ECO "B67"]
[WhiteElo "2651"]
[BlackElo "2536"]
[Annotator "TA"]
[PlyCount "113"]
[EventDate "2022.05.21"]
[EventType "swiss"]
[EventCountry "UAE"]
[SourceTitle "playchess.com"]
[Source "ChessBase"]
[SourceQuality "1"]
[TimeControl "5400+30"]

1. e4 c5 2. Nf3 d6 3. d4 cxd4 4. Nxd4 Nf6 5. Nc3 Nc6 6. Bg5 e6 7. Qd2 a6 8. O-O-O Bd7 {[%emt 0:00:04] The main line 8...Bd7 scores better than 8...h6.} 9. f3 Nxd4 10. Qxd4 Be7 {[%emt 0:00:07] B67: Sicilian: Richter-Rauzer: 7...a6 8 0-0-0 Bd7, lines without 9 f4 Be7.} (10... h6 $5 11. Be3 Bc6 $14) 11. Kb1 Qc7 12. Qd2 b5 {[%emt 0:04:29] The position is equal.} 13. g4 h6 14. Be3 Bc6 15. Rg1 Nd7 16. g5 {[%emt 0:08:11] [#]} hxg5 $146 ({Predecessor:} 16... Ne5 17. Qf2 h5 18. h3 Rc8 19. f4 b4 20. fxe5 bxc3 21. exd6 Bxd6 22. Bb6 Qb8 23. b3 O-O 24. Bxa6 {½-½ (38) Munguntuul,B (2451)-Ding,Y (2350) Beijing 2012}) 17. Bxg5 g6 18. h4 Ne5 19. Qg2 b4 20. Ne2 Bxg5 21. hxg5 d5 22. f4 Nc4 {[%emt 0:00:00] [#] Strongly threatening ...Ne3.} 23. Qf2 {[%emt 0:00:19] Inhibits Ne3. White wants to play Nd4.} Bb7 (23... O-O-O $5 24. Nd4 Bb7 $11) 24. exd5 Bxd5 25. Nd4 O-O-O 26. Bxc4 Qxc4 27. Nb3 Qc7 (27... Rd7 $11) 28. Rd4 ({White should play} 28. Rc1 $14) 28... a5 $11 29. Rgd1 Rd6 30. Nc1 Rhd8 31. b3 Rc6 32. Nd3 Kb7 33. Ne5 Rc5 34. Nc4 Rc8 35. Ne3 {[%emt 0:00:14] White is more active.} Qc6 36. Qd2 Rc3 37. Rc1 Rc5 38. Re1 Kb8 39. Nxd5 exd5 40. Re2 Qd7 41. Qd1 Qg4 42. Kb2 Qf3 43. Qd3 (43. a4 $16) 43... Qxd3 $1 44. Rxd3 {[%emt 0:00:02][%mdl 4096] Endgame KRR-KRR} Kc7 45. a3 bxa3+ 46. Kxa3 {[%emt 0:00:01] Black must now prevent Re7+.} Kb6 47. Kb2 a4 48. bxa4 Ka5 49. Re5 Rxc2+ $2 {[%emt 0:01:28][%mdl 8192] Loses the game.} (49... Kxa4 $11 50. Rd4+ (50. Rexd5 $2 {leads to mate.} Rxc2+ 51. Ka1 Rc1+ 52. Kb2 R8c2#) 50... Rc4 51. Rexd5 R8c6) 50. Kb3 $18 Ka6 51. Rexd5 {[%emt 0:00:14] [#] And now Rd7 would win.} Rc1 52. Rd6+ Ka7 $2 (52... Kb7 53. Rd7+ Kc6 54. R7d6+ (54. Rxf7 Rb8+ 55. Ka2 Rcb1 $16) 54... Kb7 55. Rd7+ Kc6) 53. Rd7+ {[%emt 0:00:27] White is clearly winning.} Ka8 (53... Kb6 $142 54. Rxf7 Rb1+ 55. Ka3 Rbc1 56. Rd6+ Kc5) 54. Rd8 Kb8 55. Rxc8+ Rxc8 56. Rd7 Rf8 57. Kc4 {[%emt 0:03:37] Weighted Error Value: White=0.07 (flawless) /Black=0.21 (precise)} 1-0

[Event "5th Sharjah Masters 2022"]
[Site "Sharjah"]
[Date "2022.05.24"]
[Round "4.21"]
[White "Adhiban, B.."]
[Black "Sankalp Gupta"]
[Result "1-0"]
[ECO "E42"]
[WhiteElo "2616"]
[BlackElo "2505"]
[Annotator "TA"]
[PlyCount "51"]
[EventDate "2022.05.21"]
[EventType "swiss"]
[EventCountry "UAE"]
[SourceTitle "playchess.com"]
[Source "ChessBase"]
[SourceQuality "1"]
[TimeControl "5400+30"]

1. d4 Nf6 2. c4 e6 3. Nc3 Bb4 4. e3 b6 5. Nge2 c5 6. a3 Ba5 7. Rb1 Na6 8. Ng3 O-O {[%emt 0:10:07] E42: Nimzo-Indian: Rubinstein: 4...c5 5 Ne2.} 9. Bd3 d5 10. O-O cxd4 {[%emt 0:07:00] [#]} ({Black should try} 10... Bxc3 $14 11. bxc3 Bb7) 11. Nb5 $146 (11. exd4 $6 Bxc3 12. bxc3 dxc4 13. Bxc4 Bb7 $14) ({Predecessor:} 11. exd4 Bxc3 12. bxc3 dxc4 13. Bxc4 Qc7 14. Qe2 Nb8 15. Bb2 Nbd7 16. Bd3 Bb7 17. c4 {1-0 (46) Del Rio de Angelis,S (2495)-Ponomariov,R (2695) Albox 2005}) 11... e5 (11... Nc5 $16) 12. exd4 $18 e4 13. Be2 dxc4 14. Bxc4 {[%emt 0:00:08] Black must now prevent Bg5.} Nb8 15. b4 a6 16. Nc3 (16. bxa5 $6 axb5 17. Bxb5 (17. Rxb5 Ba6 $11) 17... Rxa5 $16) 16... b5 17. Bb3 $36 {[%emt 0:06:57][%mdl 2048] White has strong initiative. White is more active.} (17. Ncxe4 Nxe4 18. Nxe4 bxc4 $16) 17... Bb6 18. Ncxe4 Nxe4 19. Nxe4 {[%emt 0:02:37][%cal Bg3e4,Be4d6,Bd6f7][%mdl 32] [#] And now Qh5 would win.} Bxd4 (19... Bf5 $16) 20. Be3 Bf5 (20... Nc6 {might work better.} 21. Qh5 Bxe3) 21. Qf3 ({Much less strong is} 21. Qxd4 $6 Qxd4 22. Bxd4 Bxe4 $16) (21. Bxd4 Bxe4 22. Rc1 Nc6 $16) 21... Bxe3 (21... Bg6 $142 22. Bd5 Bxe3) 22. Qxf5 ({Not} 22. fxe3 Bg6 $14) 22... Bh6 23. Rbd1 Qe7 (23... Qc8 24. Bxf7+ Kh8 25. Qxc8 Rxc8) 24. Nd6 {[%emt 0:06:23] Hoping for Nxf7. White is clearly winning.} g6 25. Qf3 Ra7 26. Nxf7 {[%emt 0:00:54] Weighted Error Value: White=0.18 (very precise) /Black=0.38} 1-0